 Dungeon Crawl Stone Soup version 0.23.2-30-g0e89c35649 (webtiles) character file.

Game seed: 8192477282314763154

557 diana the Chopper (level 7, -6/61 HPs)
             Began as a Minotaur Fighter on June 14, 2019.
             Mangled by an ogre
             ... wielding a +0 giant club
              (14 damage)
             ... on level 4 of the Dungeon.
             The game lasted 00:04:02 (2609 turns).

diana the Chopper (Minotaur Fighter)                Turns: 2609, Time: 00:04:02

Health: -6/61      AC:  9    Str: 23    XL:     7   Next: 9%
Magic:  6/6        EV:  9    Int:  5    God:
Gold:   136        SH: 10    Dex:  9    Spells: 6/6 levels left

rFire    . . .     SeeInvis .   a - +0 war axe
rCold    . . .     Gourm    .   c - +0 shield
rNeg     . . .     Faith    .   b - +0 scale mail
rPois    .         Spirit   .   (helmet restricted)
rElec    .         Reflect  .   (no cloak)
rCorr    .         Harm     .   e - +0 pair of gloves
MR       .....                  p - +0 pair of boots
Stlth    ..........             (no amulet)
HPRegen  0.20/turn              (no ring)
MPRegen  0.10/turn              (no ring)

@: no status effects
A: retaliatory headbutt, horns 2
a: no special abilities


You were on level 4 of the Dungeon.
You were hungry.

You visited 1 branch of the dungeon, and saw 4 of its levels.
You also visited: Sewer.

You collected 136 gold pieces.

Inventory:

Hand Weapons
 a - a +0 war axe (weapon)
Armour
 b - a +0 scale mail (worn)
 c - a +0 shield (worn)
 e - a +0 pair of gloves (worn)
 p - a +0 pair of boots (worn)
Jewellery
 t - a +3 ring of evasion {unknown}
Scrolls
 g - a scroll of identify {unknown}
 i - a scroll of blinking
 m - a scroll of noise {unknown}
 n - a scroll of enchant armour {unknown}
 q - 4 scrolls of teleportation {unknown}
Potions
 d - 3 potions of might
 h - 2 potions of magic {unknown}
 j - 2 potions of lignification {unknown}
 k - a potion of agility {unknown}
 l - a potion of curing {unknown}
 o - a potion of brilliance {unknown}
 r - a potion of heal wounds {unknown}
Comestibles
 f - 10 rations


   Skills:
 + Level 5.2 Fighting
 * Level 5.7 Axes
 + Level 5.1 Armour
 + Level 3.0 Dodging
 + Level 5.0 Shields


You had 6 spell levels left.
You didn't know any spells.
Your spell library was empty.

Dungeon Overview and Level Annotations

Branches:
Dungeon (4/15)
 Temple: D:4-7

Altars:
Fedhas


Innate Abilities, Weirdness & Mutations

You reflexively headbutt those who attack you in melee.
You have a pair of horns on your head.


Message History

You kill the ogre!
Your Dodging skill increases to level 3!
Your Shields skill increases to level 5!
You have reached level 7!
The ogre closely misses you.
You slash the ogre! You headbutt the ogre!
The ogre is heavily wounded.
You block the ogre's attack.
You barely miss the ogre.
The ogre is heavily wounded.
The ogre hits you with a +0 giant club!!
* * * LOW HITPOINT WARNING * * *
You barely miss the ogre. You headbutt the ogre.
The ogre is severely wounded.
The ogre hits you with a +0 giant club.
* * * LOW HITPOINT WARNING * * *
You hit the ogre.
The ogre is almost dead.
The ogre hits you with a +0 giant club!
You die...

##..# #.## #.# ##'##
##...## ## ##.<...## .##
##.......## ##
..####.........####...#.
.....'.........'@O......
..####...(.....####...#.
.## ##.......## ## ##
##.<...## ##...#####
##......# #..###.# #..#
#####..##


You could see an ogre.

Vanquished Creatures
  An ogre (D:4)
  2 bullfrogs (Sewer)
  A crimson imp (D:3)
  A worker ant (D:4)
  6 adders
  A shadow imp (D:3)
  19 oozes (Sewer)
  7 worms
  2 dart slugs
  18 leopard geckos
  9 ball pythons (Sewer)
  11 giant cockroaches
  7 hobgoblins
  A quokka (D:2)
  11 bats
  5 frilled lizards
  6 goblins
  10 kobolds
  5 rats
123 creatures vanquished.

Notes
Turn   | Place    | Note
-------+----------+-------------------------------------------
     0 | D:1      | diana the Minotaur Fighter began the quest for the Orb.
     0 | D:1      | Reached XP level 1. HP: 19/19 MP: 0/0
    76 | D:1      | Reached XP level 2. HP: 27/27 MP: 1/1
   546 | D:2      | Reached skill level 1 in Dodging
   546 | D:2      | Reached XP level 3. HP: 33/33 MP: 2/2
  1224 | D:3      | Reached XP level 4. HP: 40/40 MP: 3/3
  1231 | D:3      | Found a glowing drain.
  1248 | Sewer    | Entered a sewer
  1381 | Sewer    | Reached XP level 5. HP: 30/47 MP: 4/4
  1941 | Sewer    | Reached XP level 6. HP: 41/53 MP: 5/5
  1951 | Sewer    | Reached skill level 5 in Axes
  1960 | Sewer    | Reached skill level 5 in Fighting
  2119 | D:3      | Found a faded altar of an unknown god.
  2128 | D:3      | Reached skill level 5 in Armour
  2178 | D:3      | Found a blossoming altar of Fedhas.
  2605 | D:4      | Reached skill level 5 in Shields
  2605 | D:4      | Reached XP level 7. HP: 36/61 MP: 6/6
  2609 | D:4      | Mangled by an ogre

Skill      XL: |  1  2  3  4  5  6 |
---------------+-------------------+-----
Axes           | 3 4 5 |  5.7
Fighting       | 4 5 |  5.2
Dodging        | 1 2 3 |  3.0
Armour         | 4 5 |  5.1
Shields        | 4 5 |  5.0

Action                   |  1- 3 |  4- 6 |  7- 9 || total
-------------------------+-------+-------+-------++-------
Melee: War axe           |   100 |   269 |     4 ||   373
       Headbutt          |    16 |    28 |     2 ||    46
  Use: Scroll            |       |     1 |       ||     1
  Eat: Chunk             |       |     6 |       ||     6
Armor: Scale mail        |    45 |   149 |       ||   194
Dodge: Dodged            |    33 |   112 |     1 ||   146
Block: Shield            |    46 |   177 |     1 ||   224
